 Dungeon Crawl Stone Soup version 0.29-a0-284-gf9362112df (webtiles) character file.

Game seed: 3584540759959421871

1116 being54 the Sneak (level 8, -5/39 HPs)
             Began as a Spriggan Enchanter on Mar 23, 2022.
             Was an Initiate of Dithmenos.
             Splashed by a jelly's acid (9 damage)
             ... on level 6 of the Dungeon.
             The game lasted 00:15:48 (6800 turns).

being54 the Sneak (Spriggan Enchanter)              Turns: 6800, Time: 00:15:49

Health: -5/39      AC:  0    Str:  4    XL:     8   Next: 12%
Magic:  6/16       EV: 19    Int: 17    God:    Dithmenos [......]
Gold:   340        SH:  0    Dex: 17    Spells: 2/17 levels left

rFire   . . .      SeeInvis +   a - +3 dagger
rCold   . . .      Faith    .   (no shield)
rNeg    . . .      Spirit   .   p - +2 robe {Will+}
rPois   .          Reflect  .   (helmet restricted)
rElec   .          Harm     .   (no cloak)
rCorr   .          Rampage  .   (gloves unavailable)
Will    ++...                   (boots unavailable)
Stlth   ++++......              i - amulet of the acrobat
HPRegen 0.13/turn               (no ring)
MPRegen 0.15/turn               (no ring)

@: corroded, very quick
A: very small, no large weapons, unfitting armour, see invisible, speed 3
a: Renounce Religion


You were on level 6 of the Dungeon.
You worshipped Dithmenos.
Dithmenos was noncommittal.
You visited 2 branches of the dungeon, and saw 7 of its levels.
You also visited: Sewer and Ossuary.

You collected 340 gold pieces.

Inventory:

Hand Weapons
 a - a +3 dagger (weapon)
Missiles
 g - 5 datura-tipped darts (quivered)
Armour
 p - a +2 robe of willpower (worn)
Jewellery
 i - an amulet of the acrobat (around neck)
Wands
 b - a wand of digging (7)
Scrolls
 k - a scroll of fog
 o - 3 scrolls of teleportation
 r - a scroll of silence
Potions
 c - 5 potions of brilliance
 d - a potion of haste
 e - 4 potions of heal wounds
 f - 2 potions of curing
 h - a potion of magic {unknown}
 l - 3 potions of lignification {unknown}
 m - 3 potions of resistance {unknown}
 n - a potion of might {unknown}
 s - a potion of cancellation {unknown}


   Skills:
 + Level 1.8 Fighting
 * Level 4.0 Short Blades
 + Level 4.3 Dodging
 - Level 7.0 Stealth
 - Level 5.0 Spellcasting
 - Level 7.0 Hexes
 - Level 3.0 Ice Magic


You had 2 spell levels left.
You knew the following spells:

 Your Spells              Type           Power      Damage    Failure   Level
a - Ensorcelled Hibernat  Hex/Ice        42%        N/A       2%          2
b - Confusing Touch       Hex            28%        N/A       2%          3
c - Tukima's Dance        Hex            28%        N/A       2%          3
d - Dazzling Flash        Conj/Hex       32%        N/A       10%         3
e - Apportation           Tloc           8%         N/A       14%         1
f - Vampiric Draining     Necr           4%         2d6       38%         3

Your spell library contained the following spells:

 Spells                   Type           Power      Damage    Failure   Level
 Animate Skeleton         Necr           8%         N/A       14%         1
 Pain                     Necr           16%        1d4       14%         1
 Summon Small Mammal      Summ           16%        N/A       14%         1
 Borgnjor's Revivificati  Necr           2%         N/A       100%        8
 Necromutation            Tmut/Necr      2%         N/A       100%        8
 Death's Door             Necr           2%         N/A       100%        9


Dungeon Overview and Level Annotations

Branches:
Dungeon (6/15)             Temple (1/1) D:5           Sewer (visited)
Ossuary (visited)

Altars:
Ashenzari
Cheibriados
Dithmenos
Elyvilon
Fedhas
Gozag
Hepliaklqana
Kikubaaqudgha
Makhleb
Nemelex Xobeh
Okawaru
Qazlal
Ru
Sif Muna
Trog
Uskayaw
Vehumet
Wu Jian
Xom
Zin
The Shining One

Annotations:
D:6 Pikel


Innate Abilities, Weirdness & Mutations

You are very small and have problems with some larger weapons.
You are too small for most types of armour.
You have supernaturally acute eyesight. (SInv)
You cover ground extremely quickly. (Speed+++)


Message History

The jelly closely misses you.
Casting: Ensorcelled Hibernation (safe; 2% risk of failure)
Confirm with . or Enter, or press ? or * to list all spells.
Aiming: Ensorcelled Hibernation (safe; 2% risk of failure)
Press: ? - help, Shift-Dir - straight line, f/p - jelly
Aim: a jelly (moderately wounded, chance to affect: 62%)
The jelly resists with significant effort.
The jelly hits you. The acid corrodes you!
You are splashed with acid!
Casting: Ensorcelled Hibernation (safe; 2% risk of failure)
Confirm with . or Enter, or press ? or * to list all spells.
Aiming: Ensorcelled Hibernation (safe; 2% risk of failure)
Press: ? - help, Shift-Dir - straight line, f/p - jelly
Aim: a jelly (moderately wounded, chance to affect: 62%)
The jelly resists with significant effort.
The jelly barely misses you.
Casting: Ensorcelled Hibernation (safe; 2% risk of failure)
Confirm with . or Enter, or press ? or * to list all spells.
Aiming: Ensorcelled Hibernation (safe; 2% risk of failure)
Press: ? - help, Shift-Dir - straight line, f/p - jelly
Aim: a jelly (moderately wounded, chance to affect: 62%)
The jelly resists with significant effort.
The iguana completely misses you. The jelly hits you.
You are splashed with acid!
Casting: Ensorcelled Hibernation (safe; 2% risk of failure)
Confirm with . or Enter, or press ? or * to list all spells.
Aiming: Ensorcelled Hibernation (safe; 2% risk of failure)
Press: ? - help, Shift-Dir - straight line, f/p - jelly
Aim: a jelly (moderately wounded, chance to affect: 62%)
The jelly resists with significant effort.
The iguana misses you. The lemure barely misses you.
The jelly barely misses you.
The adder hisses angrily.
You hit the jelly.
Your hands burn!
The jelly is heavily wounded.
The iguana bites you!
* * * LOW HITPOINT WARNING * * *
The lemure closely misses you. The jelly hits you.
* * * LOW HITPOINT WARNING * * *
You are splashed with acid!
You die...

#### ## #..### ## #[
##....#...
##.##....(....
#.............
##.555.......# .
#.J@lK<....... ..
....)............# ...
.........#...#..## ....
###............## .....
#.......!..?..#5..5..
#..........>S<........
#..........##..5..5....
...##.........##...5...
..$#.# .....#.


You could see Pikel, 3 lemures, an iguana, a jelly and an adder.

Vanquished Creatures
  Eustachio (D:4)
  Duvessa (D:4)
  Pargi (Sewer)
  An ice beast (D:5)
  An elf zombie (Ossuary)
  Dowan (D:4)
  2 centaur zombies (Ossuary)
  2 jellies
  3 human zombies (Ossuary)
  3 hounds
  An orc wizard (D:5)
  2 mummies (Ossuary)
  Robin (D:3)
  7 adders
  A white imp (D:5)
  An adder zombie (Ossuary)
  2 worms (D:3)
  4 dart slugs
  7 orcs
  6 ball pythons
  7 bats (D:1)
  6 endoplasms
  A giant cockroach (D:1)
  8 hobgoblins
  7 jackals
  4 quokkas
  4 frilled lizards
  13 goblins
  2 goblin zombies (Ossuary)
  6 hobgoblin zombies (Ossuary)
  A jackal zombie (Ossuary)
  10 kobolds
  9 kobold zombies (Ossuary)
  11 orc zombies (Ossuary)
  9 rats
146 creatures vanquished.

Vanquished Creatures (others)
  7 plants (D:4)
7 creatures vanquished.

Grand Total: 153 creatures vanquished

Notes
Turn   | Place    | Note
-------+----------+-------------------------------------------
     0 | D:1      | being54 the Spriggan Enchanter began the quest for the Orb.
     0 | D:1      | Reached XP level 1. HP: 9/9 MP: 5/5
    44 | D:1      | Reached skill level 5 in Stealth
   213 | D:1      | Reached XP level 2. HP: 12/13 MP: 6/6
   216 | D:1      | Learned a level 2 spell: Ensorcelled Hibernation
   649 | D:1      | Reached XP level 3. HP: 15/16 MP: 8/8
   877 | D:1      | Found a faded altar of an unknown god.
  1730 | D:2      | Reached XP level 4. HP: 21/21 MP: 6/9
  2014 | D:2      | Reached skill level 1 in Ice Magic
  2327 | D:3      | Found a glowing drain.
  2333 | Sewer    | Entered a sewer
  2437 | Sewer    | Noticed Pargi
  2443 | Sewer    | Killed Pargi
  2444 | Sewer    | Reached XP level 5. HP: 9/24 MP: 5/11
  2953 | D:3      | Noticed Robin
  2963 | D:3      | Killed Robin
  3409 | D:4      | Reached XP level 6. HP: 28/28 MP: 7/13
  3459 | D:4      | Noticed Eustachio
  3477 | D:4      | Killed Eustachio
  3478 | D:4      | Reached skill level 5 in Hexes
  3671 | D:4      | Reached skill level 5 in Spellcasting
  3720 | D:4      | Found a sand-covered staircase.
  3726 | Ossuary  | Entered an ossuary
  4013 | Ossuary  | Reached XP level 7. HP: 24/32 MP: 15/15
  4402 | D:4      | Noticed Dowan
  4404 | D:4      | Noticed Duvessa
  4417 | D:4      | Killed Duvessa
  4418 | D:4      | Reached skill level 1 in Fighting
  4467 | D:4      | Killed Dowan
  5189 | D:4      | Learned a level 3 spell: Confusing Touch
  5193 | D:4      | Learned a level 3 spell: Tukima's Dance
  5197 | D:4      | Learned a level 3 spell: Dazzling Flash
  5199 | D:4      | Learned a level 1 spell: Apportation
  5203 | D:4      | Learned a level 3 spell: Vampiric Draining
  5243 | D:5      | Entered Level 5 of the Dungeon
  5272 | D:5      | Found a staircase to the Ecumenical Temple.
  5292 | Temple   | Entered the Ecumenical Temple
  5522 | Temple   | Became a worshipper of Dithmenos the Shadowed
  6157 | D:5      | Reached XP level 8. HP: 37/37 MP: 16/16
  6771 | D:6      | Noticed Pikel
  6800 | D:6      | Splashed by a jelly's acid

Illustrated notes

Levels and vault maps discovered:
D:1:      wander_arrival_chamber, layout_loops_ring,
          dreamdust_ecumenical_altar_sealed_demon, minmay_tall_x
D:2:      layout_basic, minmay_hexomino_c4
D:3:      layout_basic, gup_sewer_entry_bubbles, uniq_robin
D:4:      layout_loops_ring, enter_ossuary_5, serial_forest,
          infiniplex_forest_lined_room_3, infiniplex_forest_straight_3,
          infiniplex_forest_lined_3_way, infiniplex_forest_clump_small,
          infiniplex_forest_clump_diagonal, infiniplex_forest_3_way,
          infiniplex_forest_zigzag_1, infiniplex_forest_straight_3,
          infiniplex_forest_clump_diagonal, uniq_duvessa, uniq_eustachio
D:5:      layout_loops_ring, minmay_temple_entry_statues
D:6:      layout_cave_pools, uniq_pikel, uniq_edmund
Temple:   mainiacjoe_temple_starburst

Skill      XL: |  1  2  3  4  5  6  7  8 |
---------------+-------------------------+-----
Stealth        | 5 6 7 |  7.0
Spellcasting   | 3 4 5 |  5.0
Ice Magic      | 2 3 |  3.0
Hexes          | 4 6 7 |  7.0
Dodging        | 4 |  4.3
Fighting       | 1 |  1.8
Short Blades   | 3 4 |  4.0

Action                   |  1- 3 |  4- 6 |  7- 9 || total
-------------------------+-------+-------+-------++-------
Melee: Dagger            |   128 |   211 |   120 ||   459
       Punch             |     1 |     5 |       ||     6
Throw: Dart              |       |       |     1 ||     1
 Cast: Ensorcelled Hiber |     7 |    21 |    24 ||    52
  Use: Scroll            |     5 |     5 |     4 ||    14
       Potion            |       |     2 |     3 ||     5
 Stab: Sleeping          |    23 |    24 |    11 ||    58
       Invisible         |       |     5 |    14 ||    19
       Distracted        |       |     1 |     1 ||     2
Armor: Robe              |    19 |    44 |    12 ||    75
Dodge: Dodged            |    73 |   228 |   143 ||   444

Table legend: (Time is in decaauts)
 A = Elapsed time spent in this place.
 B = Non-inter-level travel time spent in this place.
 C = Inter-level travel time spent in this place.
 D = Time resting spent in this place.
 E = Time spent auto-exploring this place.
 F = Levels seen in this place.
 G = Mean time per level.
                   A        B        C        D        E       F      G
               +--------+--------+--------+--------+--------+-----+--------+
         Total |   5042 |   4791 |    251 |    653 |   3172 |   9 |  560.2 |
       Dungeon |   3827 |   3623 |    204 |    466 |   2435 |   6 |  637.8 |
        Temple |    405 |    358 |     47 |      0 |    355 |   1 |  405.0 |
         Sewer |    296 |    296 |      0 |    187 |     80 |   1 |  296.0 |
       Ossuary |    513 |    513 |      0 |      0 |    302 |   1 |  513.0 |
               +--------+--------+--------+--------+--------+-----+--------+

Top non-repeatable levels by time:
     D:4: 926 daAuts
     D:1: 812 daAuts
     D:3: 746 daAuts
     D:2: 705 daAuts
     D:5: 624 daAuts
 Ossuary: 513 daAuts
  Temple: 405 daAuts
   Sewer: 296 daAuts
     D:6: 12 daAuts
